 Dungeon Crawl Stone Soup version 0.27-a0-1548-gf8a67e7463 (webtiles) character file.

Game seed: 15860535721070068715

7279 Spectrina the Frost Mage (level 10, 0/69 HPs)
             Began as a Demigod Ice Elementalist on July 13, 2021.
             Slain by a shadow (29 damage)
             ... on level 9 of the Dungeon on July 14, 2021.
             The game lasted 01:10:20 (6214 turns).

Spectrina the Frost Mage (Demigod Ice Elementalist) Turns: 6214, Time: 01:10:21

Health: 0/69       AC: 10    Str: 15    XL:     10   Next: 59%
Magic:  0/17       EV: 11    Int: 29    God:
Gold:   392        SH:  0    Dex: 14    Spells: 2/15 levels left

rFire    . . .     SeeInvis .   e - +0 great sword
rCold    + . .     Faith    .   (shield currently unavailable)
rNeg     . . .     Spirit   .   y - +2 ring mail {rC+}
rPois    +         Reflect  .   (no helmet)
rElec    .         Harm     .   H - scarf {repulsion}
rCorr    .         Rampage  .   v - +2 pair of gloves
Will     +....                  (no boots)
Stlth    +.........             (no amulet)
HPRegen  0.21/turn              r - ring of poison resistance
MPRegen  0.15/turn              I - +6 ring of strength

@: slowed, repel missiles, very slow
A: high mp 1, forlorn
a: no special abilities


You were on level 9 of the Dungeon.
You visited 1 branch of the dungeon, and saw 11 of its levels.
You also visited: Ossuary.

You collected 392 gold pieces.

Inventory:

Hand Weapons
 e - a +0 great sword (weapon)
 h - a +0 quarterstaff
 o - a +2 hand axe of pain
 q - a +2 dagger of protection
 M - the +4 dagger "Hytoel" {vorpal, rPois rCorr Int-5 Dex+4}
   (You found it on level 9 of the Dungeon)

   It inflicts extra damage upon your enemies.
   Int:       It affects your intelligence (-5).
   Dex:       It affects your dexterity (+4).
   rPois:     It protects you from poison.
   rCorr:     It protects you from acid and corrosion.
 Q - a +0 hand crossbow
Missiles
 i - 103 sling bullets
 k - 156 stones
 m - 70 bolts
 n - 121 arrows
 p - 29 poisoned darts (quivered)
 D - 3 javelins
 J - 5 boomerangs
 K - 2 throwing nets
 P - a curare-tipped dart
Armour
 a - a +0 robe
 s - a +0 buckler
 v - a +2 pair of gloves (worn)
 y - a +2 ring mail of cold resistance (worn)
 H - a scarf of repulsion (worn)
 L - a +2 plate armour of fire resistance
 O - a +0 pair of boots
 S - the +0 pair of boots "Coehat" {Dex+2}
   (You found it on level 10 of the Dungeon)

   Dex:       It affects your dexterity (+2).
Magical Staves
 R - a staff of fire
Jewellery
 r - a ring of poison resistance (left hand)
 I - a +6 ring of strength (right hand)
Wands
 j - a wand of charming (1)
 t - a wand of polymorph (10)
 w - a wand of flame (5)
 F - a wand of iceblast (10)
Scrolls
 c - 2 scrolls of amnesia {unknown}
 d - 2 scrolls of summoning {unknown}
 u - a scroll of teleportation
 x - a scroll of enchant weapon {unknown}
 A - a scroll of fog {unknown}
 E - a scroll of immolation {unknown}
 G - a scroll of noise {unknown}
 N - a scroll of torment {unknown}
Potions
 b - a potion of invisibility
 f - 3 potions of heal wounds
 g - 3 potions of curing
 l - a potion of mutation
 z - 3 potions of brilliance
 B - a potion of flight
 C - a potion of magic


   Skills:
 - Level 1.7 Dodging
 - Level 1.7 Stealth
 - Level 3.0 Spellcasting
 + Level 9.3 Conjurations
 + Level 4.5 Translocations
 + Level 11.4 Ice Magic


You had 2 spell levels left.
You knew the following spells:

 Your Spells              Type           Power      Damage    Failure   Level
a - Freeze                Ice            100%       1d11      1%          1
b - Blink                 Tloc           N/A        N/A       3%          2
p - Ozocubu's Armour      Ice            63%        N/A       1%          3
q - Frozen Ramparts       Ice            100%       1d12      1%          3
w - Hailstorm             Conj/Ice       59%        3d13      2%          4

Your spell library contained the following spells:

 Spells                   Type           Power      Damage    Failure   Level
 Slow                     Hex            4%         N/A       22%         2
 Dazzling Flash           Conj/Hex       62%        N/A       7%          3
 Gell's Gravitas          Tloc           15%        N/A       7%          3
 Teleport Other           Tloc           30%        N/A       7%          3
 Confusing Touch          Hex            4%         N/A       41%         3
 Manifold Assault         Tloc           30%        N/A       54%         5
 Summon Forest            Summ/Tloc      8%         N/A       86%         5
 Dispersal                Tloc           15%        N/A       98%         6
 Agony                    Necr           4%         N/A       99%         5
 Silence                  Hex/Air        2%         N/A       99%         5
 Yara's Violent Unravell  Hex/Tmut       2%         3d3       99%         5
 Malign Gateway           Summ/Tloc      8%         N/A       100%        7


Dungeon Overview and Level Annotations

Branches:
Dungeon (11/15)            Temple (0/1) D:5         Ossuary (visited)
   Lair: D:8-11         Orc: D:9-12

Portals:
Abyss: D:5


Innate Abilities, Weirdness & Mutations

Your attributes grow dramatically as you level up.
You have an increased reservoir of magic. (+10% MP)
You shall have no god before yourself.


Message History

The hornet barely misses your water moccasin.
Your water moccasin completely misses the hornet.
The hornet stings your water moccasin!
Your water moccasin dies!
You miss the hornet.
The hornet is heavily wounded.
The hornet misses you.
You riposte.
You miss the hornet.
The hornet is heavily wounded.
The hornet barely misses you.
The hornet stings you but does no damage.
Unknown command.
You slash the hornet!
The hornet is almost dead.
The hornet stings you!
You feel yourself slow down.
A shadow comes into view.
The hornet completely misses you. The hornet stings you!
You are poisoned.
You feel as though you will be slow longer.
Unknown command.
Unknown command.
Unknown command.
You feel better.
The hornet stings you but does no damage.
The hornet closely misses you.
Unknown command.
Casting: Blink (safe; 3% risk of failure)
Confirm with . or Enter, or press ? or * to list all spells.
Casting: Frozen Ramparts (safe; 1% risk of failure)
Press: ? - help, Dir - look around, f - activate The walls around you are covered in ice.
The wall freezes the hornet!
You kill the hornet!
Unknown command.
Your frozen ramparts will break if you move.
Continue?
The frozen ramparts melt away as you move.
The shadow slips into darkness.
The shadow flickers and vanishes!
Deactivating autopickup; reactivate with Ctrl-A.
The shadow strikes at you from the darkness!
You die...

####################
.†.......#......@..#
.........#......{..#
.........'.........#
.........#.........#
.........#.........#
##########.........#
...................#
...................#
............[).....#


There were no monsters in sight!

Vanquished Creatures
  An unseen horror (D:10)
  A troll (D:10)
  Grinder (D:5)
  2 hornets
  A shadow (D:10)
  Grum (D:10)
  A steam dragon (D:8)
  5 yaks (D:10)
  2 vampire mosquitoes (D:10)
  Duvessa (D:5)
  3 orc warriors
  2 sky beasts
  An ice beast (D:5)
  4 black bears
  A centaur (D:10)
  2 ogres
  4 wolves (D:10)
  A necrophage (D:4)
  3 bullfrogs
  4 elf zombies (Ossuary)
  A kobold brigand (D:9)
  Blork the orc (D:5)
  Dowan (D:5)
  15 killer bees
  A jelly (D:8)
  A wight (D:10)
  6 howler monkeys
  4 centaur zombies
  A human zombie (Ossuary)
  2 bullfrog skeletons
  A centaur skeleton (D:7)
  2 hounds
  A gnoll shaman (D:6)
  4 orc priests
  6 iguanas
  5 orc wizards
  A killer bee zombie (D:6)
  2 hound zombies (Ossuary)
  3 mummies (Ossuary)
  13 gnolls
  A howler monkey skeleton (D:7)
  8 adders
  A shadow imp (D:7)
  A white imp (D:5)
  5 adder zombies
  3 dart slugs
  A worm (D:2)
  21 orcs
  9 ball pythons
  12 endoplasms
  A giant cockroach (D:2)
  A gnoll zombie (Ossuary)
  8 goblins
  4 hobgoblins
  9 jackals
  4 quokkas
  5 bats
  8 frilled lizards
  3 goblin zombies (Ossuary)
  5 hobgoblin zombies (Ossuary)
  2 jackal zombies (Ossuary)
  11 kobolds
  3 kobold zombies (Ossuary)
  4 orc zombies (Ossuary)
  3 quokka zombies (Ossuary)
  3 rats (D:1)
  3 rat zombies (Ossuary)
251 creatures vanquished.

Vanquished Creatures (others)
  A water moccasin (D:9)
  A lurking horror (D:5)
2 creatures vanquished.

Grand Total: 253 creatures vanquished

Notes
Turn   | Place    | Note
-------+----------+-------------------------------------------
     0 | D:1      | Spectrina the Demigod Ice Elementalist began the quest for
                  | the Orb.
     0 | D:1      | Reached XP level 1. HP: 14/14 MP: 5/5
    88 | D:1      | Reached skill level 4 in Ice Magic
   102 | D:1      | Reached XP level 2. HP: 11/20 MP: 1/7
   374 | D:4      | Noticed a black bear
   395 | D:3      | Reached XP level 3. HP: 10/26 MP: 0/8
   494 | D:3      | Learned a level 3 spell: Frozen Ramparts
   867 | D:2      | Reached skill level 5 in Ice Magic
  1091 | D:2      | Reached XP level 4. HP: 20/33 MP: 7/9
  1224 | D:4      | Noticed an ogre
  1237 | D:4      | Killed an ogre
  1238 | D:4      | Reached skill level 6 in Ice Magic
  1238 | D:4      | Reached XP level 5. HP: 18/38 MP: 1/10
  1434 | D:4      | Learned a level 3 spell: Ozocubu's Armour
  1497 | D:4      | Reached XP level 6. HP: 19/45 MP: 3/12
  1578 | D:5      | Entered Level 5 of the Dungeon
  1578 | D:5      | Noticed Blork the orc
  1591 | D:4      | Reached skill level 1 in Conjurations
  1591 | D:4      | Reached skill level 7 in Ice Magic
  1837 | D:5      | Noticed Dowan
  1843 | D:5      | Killed Dowan
  2109 | D:2      | Reached XP level 7. HP: 39/50 MP: 9/14
  2269 | D:5      | Noticed Duvessa
  2278 | D:5      | Found a staircase to the Ecumenical Temple.
  2325 | D:5      | Learned a level 4 spell: Hailstorm
  2329 | D:5      | Found a one-way gate to the infinite horrors of the Abyss.
  2526 | D:6      | Found a sand-covered staircase.
  2531 | Ossuary  | Entered an ossuary
  3037 | Ossuary  | Reached skill level 8 in Ice Magic
  3261 | D:6      | Upgraded the game from 0.27-a0-1532-gca18f49f40 to
                  | 0.27-a0-1548-gf8a67e7463
  3396 | D:6      | Reached XP level 8. HP: 24/57 MP: 6/15
  3595 | D:5      | Reached skill level 5 in Conjurations
  3738 | D:5      | Killed Duvessa
  3739 | D:5      | Reached skill level 9 in Ice Magic
  3751 | D:5      | Killed Blork the orc
  3896 | D:5      | Noticed Grinder
  3916 | D:5      | Killed Grinder
  4004 | D:6      | Reached XP level 9. HP: 17/62 MP: 7/16
  4546 | D:7      | Reached skill level 10 in Ice Magic
  5055 | D:9      | Identified the +4 dagger "Hytoel" {vorpal, rPois rCorr
                  | Int-5 Dex+4}
  5129 | D:10     | Entered Level 10 of the Dungeon
  5144 | D:10     | Got the Guide on the Compass
  5148 | D:10     | Learned a level 2 spell: Blink
  5207 | D:11     | Reached skill level 1 in Translocations
  5461 | D:10     | Reached XP level 10. HP: 50/69 MP: 4/17
  5502 | D:10     | Noticed Grum
  5613 | D:10     | Killed Grum
  5614 | D:10     | Reached skill level 11 in Ice Magic
  5944 | D:10     | Identified the +0 pair of boots "Coehat" {Dex+2}
  6214 | D:9      | Slain by a shadow

Illustrated notes

Levels and vault maps discovered:
D:1:      minmay_arrival_plants_in_alcoves, layout_loops_corners
D:2:      layout_basic, hellmonk_ecumenical_altar_dog_temple, minmay_lizard_pond
D:3:      layout_basic
D:4:      layout_cave_pools, chequers_temple_overflow_statue_of_worship
D:5:      layout_basic, minmay_temple_entry_statues,
          amcnicky_altar_lugonu_corruption, uniq_duvessa, uniq_grinder,
          uniq_blork_the_orc
D:6:      layout_rooms, led_sif_book, enter_ossuary_5
D:7:      layout_rooms, lemuel_crystal_altar
D:8:      layout_basic
D:9:      layout_grid_maze, erik_lair_island
D:10:     minmay_skewed_foursquare, layout_basic, grunt_decor_mini_mirrors,
          uniq_maggie, uniq_grum
D:11:     layout_stronghold, serial_co_window_serial, co_window_paths_b,
          co_window_corner_a, co_window_paths_b, co_window_corner_a,
          co_window_corner_a, co_window_paths_c, co_window_of_opportunity_b,
          co_window_broadway_c, co_window_unsneaky_path_a,
          co_window_unsneaky_path_b, co_window_4corner_b, co_window_sun,
          glass_columns_a, glass_columns_b, glass_columns_a, glass_columns_b,
          glass_columns_b

Skill      XL: |  1  2  3  4  5  6  7  8  9 10 |
---------------+-------------------------------+-----
Ice Magic      | 4 5 6 7 8 9 10 11 | 11.4
Spellcasting   | 2 3 |  3.0
Conjurations   | 1 4 6 8 9 |  9.3
Translocations | 2 4 |  4.5
Dodging        | |  1.7
Stealth        | |  1.7

Action                   |  1- 3 |  4- 6 |  7- 9 | 10-12 || total
-------------------------+-------+-------+-------+-------++-------
Melee: Unarmed           |     3 |       |       |       ||     3
       Quarterstaff      |    27 |    59 |   314 |       ||   400
       Great sword       |     4 |       |    16 |    36 ||    56
Throw: Dart              |       |     7 |     8 |    10 ||    25
 Cast: Freeze            |    50 |    27 |    11 |     2 ||    90
       Frozen Ramparts   |     3 |     8 |    41 |     9 ||    61
       Ozocubu's Armour  |       |     3 |    19 |       ||    22
       Hailstorm         |       |       |    41 |    21 ||    62
       Blink             |       |       |       |     1 ||     1
Evoke: Wand              |       |     2 |    10 |     2 ||    14
  Use: Scroll            |       |     7 |     6 |       ||    13
       Potion            |       |       |       |     2 ||     2
 Stab: Sleeping          |     5 |     1 |       |       ||     6
       Distracted        |       |     1 |       |       ||     1
Armor: Robe              |    10 |    13 |       |       ||    23
       Ring mail         |       |     4 |   262 |    37 ||   303
Dodge: Dodged            |    52 |    52 |   263 |    53 ||   420
       Rpst.: Great sword |     2 |       |     5 |    13 ||    20

Table legend: (Time is in decaauts)
 A = Elapsed time spent in this place.
 B = Non-inter-level travel time spent in this place.
 C = Inter-level travel time spent in this place.
 D = Time resting spent in this place.
 E = Time spent auto-exploring this place.
 F = Levels seen in this place.
 G = Mean time per level.
                   A        B        C        D        E       F      G
               +--------+--------+--------+--------+--------+-----+--------+
         Total |   6483 |   6041 |    442 |      0 |      0 |  12 |  540.2 |
       Dungeon |   5679 |   5237 |    442 |      0 |      0 |  11 |  516.3 |
       Ossuary |    803 |    803 |      0 |      0 |      0 |   1 |  803.0 |
               +--------+--------+--------+--------+--------+-----+--------+

Top non-repeatable levels by time:
     D:2: 875 daAuts
    D:10: 822 daAuts
 Ossuary: 803 daAuts
     D:5: 792 daAuts
     D:6: 568 daAuts
     D:4: 548 daAuts
     D:3: 503 daAuts
     D:9: 435 daAuts
     D:8: 367 daAuts
     D:1: 356 daAuts
     D:7: 352 daAuts
    D:11: 58 daAuts
